[Event "VII Copa Marcel Duchamp 2024"]
[Site "Montevideo"]
[Date "2024.02.05"]
[Round "1.1"]
[White "Meier, Georg"]
[Black "Amaral, Francisco"]
[Result "1-0"]
[ECO "A09"]
[WhiteElo "2620"]
[BlackElo "1768"]
[Annotator "TA"]
[PlyCount "41"]
[EventDate "2024.02.05"]
[EventType "swiss"]
[EventCountry "URU"]
[SourceTitle "playchess.com"]
[Source "ChessBase"]
[SourceQuality "1"]
[TimeControl "5400+30"]

1. Nf3 Nf6 2. g3 d5 3. Bg2 e6 4. O-O c5 5. c4 d4 6. d3 Nc6 7. e3 h6 8. exd4 cxd4 9. Bf4 {The position is equal.} Bd6 10. Bxd6 Qxd6 11. Nbd2 e5 12. Rc1 Be6 13. a3 a5 14. c5 Qc7 15. Nc4 {Threatens to win with Nd6+.} O-O 16. Qe1 (16. Nb6 $14) 16... Nd7 17. b4 axb4 18. axb4 f6 (18... Ra4 $11 {remains equal.} 19. b5 e4 20. Qxe4 Nxc5) 19. b5 ({White should try} 19. Nd6 $16) 19... Ne7 $2 {[#]} (19... Nxc5 $1 $11 {and Black is okay.} 20. bxc6 Nxd3 21. Nxd4 (21. cxb7 Nxe1 22. bxa8=Q Rxa8 $16) 21... Nxe1 22. Nxe6 Qe7 23. Nxf8 Nxg2) 20. Nxd4 (20. c6 $1 $18 bxc6 21. Nxd4) 20... Bf7 $2 (20... Nxc5 $16 21. Nxe6 Nxe6) 21. Nd6 {Weighted Error Value: White=0.27 (precise) /Black=0.56.  Loses game:     	---       	Black=2      Mistake:       	White=3     	Black=1      Inaccurate:     	---       	Black=2      OK:         	White=7     	Black=4      Best:        	White=1     	Black=1} 1-0

[Event "VII Copa Marcel Duchamp 2024"]
[Site "Montevideo"]
[Date "2024.02.05"]
[Round "1.2"]
[White "Quevedo, Andreina"]
[Black "Krysa, Leandro"]
[Result "0-1"]
[ECO "B85"]
[WhiteElo "1762"]
[BlackElo "2541"]
[Annotator "TA"]
[PlyCount "42"]
[EventDate "2024.02.05"]
[EventType "swiss"]
[EventCountry "URU"]
[SourceTitle "playchess.com"]
[Source "ChessBase"]
[SourceQuality "1"]
[TimeControl "5400+30"]

1. e4 c5 2. Nf3 Nc6 3. d4 cxd4 4. Nxd4 Nf6 5. Nc3 d6 6. Be2 e6 7. O-O Be7 8. Be3 O-O 9. f4 a6 10. Kh1 Bd7 11. Qe1 b5 12. Bf3 Rc8 13. Rc1 Na5 14. b3 {Inhibits Nc4. The position is equal.} Qc7 15. Nce2 (15. Bd2 $11 Nc6 16. Nde2) 15... e5 $17 16. Bd2 {[#]} Nb7 {Black is more active.} 17. fxe5 ({Wrong is} 17. Nf5 $2 Bxf5 18. Ng3 (18. exf5 $2 {is the wrong capture.} e4 $19) 18... Bd7 $19) 17... dxe5 18. Nf5 $2 (18. Rd1 {is a better defense.}) 18... Bxf5 $19 19. exf5 e4 20. Bf4 Bd6 21. Bxd6 Nxd6 {Black took control after the opening.   Weighted Error Value: White=0.65/Black=0.03 (flawless) .  Mistake:       	White=2     	---        Inaccurate:     	White=1     	---        OK:         	---       	Black=2      Best:        	---       	Black=3} 0-1

[Event "VII Copa Marcel Duchamp 2024"]
[Site "Montevideo"]
[Date "2024.02.05"]
[Round "1.3"]
[White "Tristan, Leonardo"]
[Black "Ramos, Matias"]
[Result "1-0"]
[ECO "D00"]
[WhiteElo "2515"]
[BlackElo "1754"]
[Annotator "TA"]
[PlyCount "63"]
[EventDate "2024.02.05"]
[EventType "swiss"]
[EventCountry "URU"]
[SourceTitle "playchess.com"]
[Source "ChessBase"]
[SourceQuality "1"]
[TimeControl "5400+30"]

1. d4 d5 2. Bg5 Nf6 3. e3 Bf5 4. Bxf6 exf6 5. Bd3 Bxd3 6. Qxd3 c6 7. Nf3 Bd6 8. O-O O-O 9. Nbd2 Nd7 {The position is equal.} 10. c4 dxc4 11. Nxc4 Nb6 12. Na5 Rb8 13. Rac1 Nd5 14. Nc4 Re8 15. g3 Bf8 16. a3 Nb6 17. Ncd2 Qd7 18. Qc2 Rbc8 19. b4 Nd5 20. Nc4 Ne7 21. Rfd1 Nf5 22. Qb3 Nd6 23. Ncd2 g6 24. Kg2 Bg7 25. d5 cxd5 26. Qxd5 {Black must now prevent Rxc8.} Qe6 27. Qxe6 fxe6 28. Nb3 Bf8 29. Rxc8 Rxc8 30. Nc5 Kf7 {[#]} (30... e5 $1 $11) 31. Nxb7 $1 $16 {[%mdl 512] White has more active pieces.} Rc6 (31... Nc4 $16) (31... Ne4 32. Nd2) 32. Nd8+ {Weighted Error Value: White=0.08 (flawless) /Black=0.15 (very precise) .  Loses game:     	---       	Black=1      Mistake:       	---       	Black=1      Inaccurate:     	White=1     	Black=1      OK:         	White=6     	Black=8      Best:        	White=2     	---        Brilliant:      	White=1     	---} 1-0

[Event "VII Copa Marcel Duchamp 2024"]
[Site "Montevideo"]
[Date "2024.02.05"]
[Round "2.1"]
[White "Meza, Anahi"]
[Black "Meier, Georg"]
[Result "0-1"]
[ECO "E13"]
[WhiteElo "2040"]
[BlackElo "2620"]
[Annotator "TA"]
[PlyCount "98"]
[EventDate "2024.02.05"]
[EventType "swiss"]
[EventCountry "URU"]
[SourceTitle "playchess.com"]
[Source "ChessBase"]
[SourceQuality "1"]
[TimeControl "5400+30"]

1. d4 e6 2. c4 b6 3. Nc3 Bb4 4. Nf3 Bb7 5. Bg5 Nf6 6. Rc1 h6 7. Bh4 g5 8. Bg3 Ne4 9. e3 Bxc3+ 10. bxc3 d6 11. Bd3 Nd7 12. Bxe4 Bxe4 {[%emt 0:00:08] Black is slightly better.} 13. O-O Qe7 14. Nd2 Bb7 15. c5 bxc5 16. Rb1 Bc6 17. Nc4 O-O 18. f4 {[%emt 0:05:45] White is on the road to losing.} (18. Na5 $15 Be4 19. Rc1) 18... f5 $17 19. fxg5 hxg5 20. Qh5 (20. Qe2 $17) 20... Qg7 $19 21. Rb2 (21. Qe2 {keeps fighting.}) 21... Rf7 22. Nd2 Nf6 23. Qe2 cxd4 24. cxd4 Raf8 25. Rc2 Be4 26. Rb2 (26. Nxe4 $17 Nxe4 27. a4) 26... Ba8 27. a4 (27. Rb3 $142) 27... Nd5 28. Bf2 g4 29. e4 $2 (29. Rb3) 29... fxe4 {[%emt 0:05:08] [#] Hoping for ...Nf4.} 30. Be3 Rxf1+ 31. Nxf1 Nxe3 32. Qxe3 (32. Nxe3 {was worth a try.} g3 (32... Qxd4 33. Qxg4+ Kf7 34. Rf2+ Ke7 35. Qg5+ Ke8 36. Qh5+ Ke7 37. Qh7+ Ke8 38. Qh5+ Ke7 39. Qg5+ Ke8 40. Qh5+ $11) 33. hxg3) 32... c5 33. Rd2 cxd4 34. Rxd4 d5 35. Rd1 e5 36. Ng3 d4 37. Qb3+ Qf7 38. Qb5 (38. Qb1 $142) 38... e3 39. Rf1 {[%emt 0:00:51] Repels Qf2+} Qd5 40. Qe2 Rxf1+ 41. Nxf1 {[%emt 0:00:08] [#]} Qxg2+ $1 42. Qxg2 {[%emt 0:00:21] Black mates.} Bxg2 43. Nxe3 dxe3 44. Kxg2 {[%emt 0:00:01] KP-KP} Kf7 45. Kf1 Kg6 46. Ke2 Kf5 47. Kxe3 a5 48. Ke2 Ke4 49. Kd2 Kf3 {[%emt 0:00:07] Weighted Error Value: White=0.73/Black=0.13 (very precise) .  Mistake:       	White=8     	---        Inaccurate:     	White=2     	Black=1      OK:         	White=10    	Black=17     Best:        	White=1     	Black=1} 0-1

[Event "VII Copa Marcel Duchamp 2024"]
[Site "Montevideo"]
[Date "2024.02.05"]
[Round "2.2"]
[White "Krysa, Leandro"]
[Black "Pichuaga, Juan Pablo"]
[Result "1-0"]
[ECO "A25"]
[WhiteElo "2541"]
[BlackElo "1973"]
[Annotator "TA"]
[PlyCount "103"]
[EventDate "2024.02.05"]
[EventType "swiss"]
[EventCountry "URU"]
[SourceTitle "playchess.com"]
[Source "ChessBase"]
[SourceQuality "1"]
[TimeControl "5400+30"]

1. c4 e5 2. g3 Nc6 3. Bg2 d6 4. Nc3 g6 5. e3 Bg7 6. Nge2 Nf6 7. O-O O-O 8. d3 Ne7 9. b3 c6 10. Ba3 Re8 {[%emt 0:06:24] The position is equal.} 11. e4 Bg4 12. h3 Bxe2 13. Nxe2 Rb8 14. d4 exd4 15. Nxd4 d5 16. exd5 cxd5 17. Nb5 (17. Re1 $14) 17... Nc8 (17... Nf5 $11) 18. Bb2 ({But not} 18. Bxd5 Nxd5 19. Qxd5 Qxd5 20. cxd5 Bxa1 21. Rxa1 Nb6 $17) 18... a6 19. Na3 Nb6 20. cxd5 Nfxd5 21. Qd2 Bxb2 22. Qxb2 Qe7 23. Rfd1 Rbd8 24. Nc4 Nxc4 25. bxc4 Nb4 26. Rxd8 Rxd8 27. Rb1 Nc6 28. Bd5 (28. Qxb7 Rb8 29. Bxc6 Rxb7 30. Rxb7 Qe2 $16) 28... Rd7 29. Kg2 Nd8 30. Qb6 Kg7 31. a4 Qf6 32. a5 Qe5 33. Rb3 Rd6 34. Qe3 Qxe3 35. fxe3 $14 {[%emt 0:00:03][%mdl 4096] Endgame. KRB-KRN} Rd7 36. Rb6 Kf8 37. Kf3 Ke7 38. e4 Rc7 39. Ke3 Kd7 (39... Rc5 $11) 40. Kd4 $16 {[%emt 0:00:15] White is much more active.} Ke7 41. g4 Ne6+ $2 {[%emt 0:00:39] [#] This costs Black the game.} (41... Ke8 $16 42. h4 Ke7) 42. Bxe6 $18 fxe6 {[%emt 0:00:07] KR-KR} 43. g5 {[%emt 0:00:08] c5 is the strong threat.} Kd7 $2 (43... h6 {was worth a try.} 44. gxh6 Kf6) 44. Ke5 Rc5+ 45. Kf6 Rxc4 (45... Kc8 $142 46. Rxe6 (46. Kxe6 Rxa5 47. e5 Kc7 $16) 46... Rxc4 47. Re8+ Kd7 48. Re7+ Kc6 49. Rxh7 Rxe4 50. Kxg6 Rc4) 46. Rxb7+ Kc6 47. Rxh7 Rxe4 48. Kxg6 Rf4 49. h4 {[%emt 0:01:01][%cal Bh3h4,Bh4h5,Bh5h6][%mdl 32] [#] Threatens to win with h5.} e5 50. h5 {[%emt 0:00:11] Strongly threatening h6.} e4 51. h6 {[%emt 0:00:19] Re7 would kill now.} e3 52. Re7 {[%emt 0:00:19] Weighted Error Value: White=0.08 (flawless) /Black=0.50.  Loses game:     	---       	Black=1      Mistake:       	White=1     	Black=4      Inaccurate:     	White=2     	Black=1      OK:         	White=16    	Black=10     Best:        	White=3     	---} 1-0

[Event "VII Copa Marcel Duchamp 2024"]
[Site "Montevideo"]
[Date "2024.02.05"]
[Round "2.3"]
[White "Santos Izquierdo, Daniel"]
[Black "Tristan, Leonardo"]
[Result "1/2-1/2"]
[ECO "D04"]
[WhiteElo "2091"]
[BlackElo "2515"]
[Annotator "TA"]
[PlyCount "105"]
[EventDate "2024.02.05"]
[EventType "swiss"]
[EventCountry "URU"]
[SourceTitle "playchess.com"]
[Source "ChessBase"]
[SourceQuality "1"]
[TimeControl "5400+30"]

1. Nf3 d5 2. d4 Nf6 3. e3 c5 4. b3 cxd4 5. exd4 Nc6 6. Bb2 Bf5 7. Be2 h6 8. O-O e6 9. a3 Be7 10. c4 O-O 11. Nc3 ({White should try} 11. c5 $11) 11... Ne4 (11... dxc4 $1 $15 12. bxc4 Rc8) 12. Nxe4 Bxe4 13. c5 $1 Bf6 14. b4 Qc7 15. Qd2 (15. b5 $14 Ne7 16. Qd2) 15... Rfe8 (15... b6 $11) 16. Rad1 Rad8 17. Rfe1 a6 18. Bc3 e5 19. dxe5 Nxe5 20. Bxe5 Bxe5 21. Nxe5 Rxe5 22. Bd3 Bxd3 23. Qxd3 d4 24. h3 Red5 25. Re4 Qc6 26. Rde1 g6 27. Re6 Qc7 28. Re7 R8d7 29. Re8+ Kg7 (29... Kh7 {keeps more tension.} 30. g4 Qf4 31. R1e4 Qf6) 30. R8e4 Qc6 31. Rd1 a5 32. g3 (32. bxa5 Qxc5 (32... Rxc5 33. Rxd4 Rxd4 34. Qxd4+ Kh7 35. Qd7 $11) 33. a6 b5 $15) 32... Qf6 33. h4 h5 34. Rf4 ({Much weaker is} 34. bxa5 Qc6 $17) 34... Qc6 35. Re4 axb4 36. axb4 b6 37. cxb6 Qxb6 38. Rb1 Rb5 39. Qd2 Kh7 40. Re8 Qf6 41. Re4 Qb6 42. Kh2 Rf5 (42... d3 {with more complications.} 43. Rc1 Rbd5 44. Re8 Qd4) 43. Rf4 {[%emt 0:00:29] The position is equal.} Rxf4 44. Qxf4 $11 {[%emt 0:00:10][%mdl 4096] Endgame. KQR-KQR} d3 45. Rd1 Qb5 46. Qe3 Qc4 47. Rd2 Rd4 48. b5 Qd5 49. b6 Qd6 50. Kg2 Qc6+ 51. Qf3 Qxf3+ 52. Kxf3 Rb4 53. Rxd3 {[%emt 0:02:19] Weighted Error Value: White=0.10 (very precise) /Black=0.09 (flawless) .  Mistake:       	White=2     	Black=2      Inaccurate:     	White=4     	Black=4      OK:         	White=16    	Black=15     Strong:       	White=1     	---} 1/2-1/2

[Event "VII Copa Marcel Duchamp 2024"]
[Site "Montevideo"]
[Date "2024.02.05"]
[Round "3.1"]
[White "Meier, Georg"]
[Black "Milat, Marcel"]
[Result "1-0"]
[ECO "E04"]
[WhiteElo "2620"]
[BlackElo "2213"]
[Annotator "TA"]
[PlyCount "51"]
[EventDate "2024.02.05"]
[EventType "swiss"]
[EventCountry "URU"]
[SourceTitle "playchess.com"]
[Source "ChessBase"]
[SourceQuality "1"]
[TimeControl "5400+30"]

1. Nf3 Nf6 2. g3 d5 3. Bg2 c5 4. O-O Nc6 5. d4 e6 6. c4 dxc4 7. Ne5 Bd7 8. Na3 cxd4 9. Naxc4 Be7 10. Bf4 O-O 11. Qb3 Nd5 12. Qxb7 {[%emt 0:01:34] White is better.} Nxe5 13. Nxe5 Ba4 14. Bxd5 exd5 15. b3 {[%emt 0:17:07] White has more active pieces.} f6 (15... Be8 $16) 16. bxa4 $18 fxe5 17. Bxe5 Rf7 18. Bxd4 Bf6 19. Bxf6 Rxb7 20. Bxd8 Rxd8 {[%emt 0:00:00][%mdl 4096] Endgame. KRR-KRR} 21. Rab1 {[%emt 0:00:26] Against Rb2} Re7 22. e3 Re4 23. Rb7 Rxa4 {[%emt 0:00:00] [#]} 24. Rc1 $1 {[%emt 0:00:08] White has a decisive advantage.} Rc4 25. Rxc4 dxc4 {[%emt 0:00:00] [#]} 26. Rc7 $1 {[%emt 0:00:50] Wards off Rc8. Black did not feel at home in the position after the opening.   Weighted Error Value: White=0.00 (flawless) /Black=0.19 (very precise) .  Mistake:       	---       	Black=1      Inaccurate:     	---       	Black=2      OK:         	White=8     	Black=5      Best:        	White=2     	---        Strong:       	White=2     	---} 1-0

[Event "VII Copa Marcel Duchamp 2024"]
[Site "Montevideo"]
[Date "2024.02.05"]
[Round "3.2"]
[White "Amura, Claudia"]
[Black "Krysa, Leandro"]
[Result "0-1"]
[ECO "A48"]
[WhiteElo "2196"]
[BlackElo "2541"]
[Annotator "TA"]
[PlyCount "136"]
[EventDate "2024.02.05"]
[EventType "swiss"]
[EventCountry "URU"]
[SourceTitle "playchess.com"]
[Source "ChessBase"]
[SourceQuality "1"]
[TimeControl "5400+30"]

1. d4 Nf6 2. Bf4 g6 3. e3 Bg7 4. Nf3 O-O 5. Nbd2 d6 6. Be2 b6 {[%emt 0:02:52] A48: 1 d4 Nf6 2 Nf3 g6: Torre, London and Colle Systems.} 7. c3 Bb7 8. Qc2 c5 9. O-O Nbd7 10. Bg3 Rc8 11. Rad1 Nh5 $146 ({Predecessor:} 11... cxd4 12. exd4 Nh5 13. Rfe1 Nxg3 14. hxg3 Nf6 15. Qb1 Qd7 16. Bd3 Rc7 17. Re2 b5 {0-1 Zottis,P (1316)-Da Cruz,E (1615) Florianopolis op 9th 2023 (4)}) 12. Bh4 cxd4 13. Nxd4 Nhf6 14. Bf3 Qc7 15. Rfe1 a6 16. Bxb7 Qxb7 17. e4 b5 18. a3 a5 19. Qd3 Nc5 20. Qe3 b4 21. axb4 axb4 22. f3 Na4 23. Rb1 Qb6 24. Bf2 e5 25. Nc2 Qxe3 26. Nxe3 bxc3 27. bxc3 Nxc3 28. Rb3 (28. Rb6 $11 {remains equal.}) 28... d5 $17 29. exd5 Nfxd5 30. Nxd5 Nxd5 31. Ne4 Rc2 32. g3 Ra8 33. Rb5 Nc7 34. Rc5 Rxc5 35. Nxc5 Nb5 36. Nd3 Re8 37. g4 f5 38. gxf5 gxf5 39. Nc5 Nc3 40. Bd4 Rc8 (40... exd4 41. Rxe8+ Kf7 42. Rd8 $18) 41. Bxc3 Rxc5 42. Bb2 Kf7 43. Re2 Bf6 44. Kf2 Ke6 45. Ke3 (45. Bd4 $17 Rc4 (45... Bh4+ 46. Kg2 $17) 46. Bb6) 45... Bg5+ 46. Kd3 Bf4 47. Bc3 Kd5 48. Be1 $2 (48. Bd2 {was called for.}) 48... Rc1 $19 49. Bg3 Bxg3 (49... Rf1 $142 50. Rf2 (50. Bxf4 $2 Rxf3+ 51. Re3 Rxf4 $19) 50... Rxf2 51. Bxf2 Bxh2) 50. hxg3 $19 Rg1 51. g4 (51. Ra2 $142) 51... f4 $2 ({Stronger than} 51... fxg4 52. fxg4 Rg3+ (52... Rxg4 53. Rh2 $11) 53. Kc2 $11) (51... Rg3 $19 52. gxf5 Rxf3+ 53. Kd2 Rxf5) 52. Ra2 Re1 53. Ra5+ Ke6 54. Ra6+ Kf7 55. Kc4 $1 Rd1 56. Rh6 Rd4+ 57. Kc5 Rd3 58. Rxh7+ Kg6 59. Rh5 Rxf3 (59... Kf6 $5 60. Rh6+ $8 Kf7 $11) 60. Rxe5 Ra3 61. Re8 $2 {[%emt 0:00:00][%mdl 8192] [#]} (61. Kd4 $11) 61... Kg5 $1 62. Rg8+ Kh4 63. g5 {[%emt 0:00:26] [#]} Ra5+ $1 64. Kd4 Rxg5 65. Rf8 Kg3 66. Ke4 Rg7 67. Re8 f3 68. Ke3 Kg2 0-1

[Event "VII Copa Marcel Duchamp 2024"]
[Site "Montevideo"]
[Date "2024.02.05"]
[Round "3.3"]
[White "Muniz, Rafael"]
[Black "Salinas Herrera, Pablo"]
[Result "0-1"]
[ECO "C50"]
[WhiteElo "2169"]
[BlackElo "2477"]
[Annotator "TA"]
[PlyCount "92"]
[EventDate "2024.02.05"]
[EventType "swiss"]
[EventCountry "URU"]
[SourceTitle "playchess.com"]
[Source "ChessBase"]
[SourceQuality "1"]
[TimeControl "5400+30"]

1. e4 e5 2. Nf3 Nc6 3. Bc4 Bc5 4. O-O Nf6 5. d3 d6 6. a4 h6 7. c3 a5 8. Be3 Ba7 {[%emt 0:04:31] The position is equal.} 9. Bxa7 Rxa7 10. Nbd2 Nh5 11. Re1 Qf6 12. Nf1 Bg4 13. Re3 Nf4 14. Ng3 h5 {[%emt 0:05:40] ...h4 would now be deadly.} 15. Ne2 {[%emt 0:05:09] [#]} (15. h3 $11 Bd7 16. h4) 15... Rh6 $2 {[%emt 0:07:45] Black is more active.} (15... h4 $1 $17 {[%cal Rh4h3] White must now prevent ...h3.} 16. Ne1 Nxe2+ (16... Bxe2 17. Rxe2 Nxe2+ 18. Qxe2 $19) 17. Rxe2 Bxe2 18. Qxe2 Ra8) 16. Nxf4 (16. d4 $14) 16... exf4 $15 17. e5 $1 Nxe5 18. Re1 Kd8 {[%emt 0:13:01] Threatens to win with ...Bxf3.} 19. Bd5 Nxf3+ 20. Bxf3 Be6 ({Black should try} 20... Qg5 $15) 21. d4 $11 (21. Bxh5 $2 Qh4 22. Rxe6 Rxh5 $19 (22... Rxe6 23. Bxf7 Rh6 24. h3 $17) (22... fxe6 $2 23. Bf3 $19)) 21... g5 22. d5 (22. Bxh5 $2 Qh8 23. d5 Rxh5 $19) 22... Bd7 23. Be4 Rh8 24. Bd3 $1 h4 25. Bb5 c6 26. dxc6 bxc6 27. Bf1 Re8 28. Qd2 (28. Rxe8+ $1 $11 Bxe8 (28... Kxe8 29. Qb3 $11) 29. b4) 28... Rxe1 $15 29. Rxe1 Kc7 $36 {[%emt 0:00:09][%mdl 2048] Black has good play.} 30. f3 Be6 31. Rd1 Qe5 32. Kh1 Rb7 (32... Qd5 $142 33. Qf2 Qc5 (33... Qxd1 34. Qxa7+ Kc8 35. Qa6+ Kd7 36. h3 $11)) 33. b4 $17 h3 34. bxa5 (34. gxh3 $142 Qd5 35. Qe2) 34... hxg2+ 35. Bxg2 (35. Kxg2 $17 Rb3 (35... Qxa5 36. Qxd6+ Kb6 37. Qd8+ Ka7 38. Qxa5+ Kb8 39. Rd8+ Bc8 40. Qe5+ Ka7 41. Rxc8) 36. a6) 35... Qd5 $19 {[%emt 0:00:05] White is weak on the light squares} (35... Qxa5 $2 {perishes.} 36. Qxd6+ Kb6 37. Qd8+ Rc7 38. Rb1+ $18) 36. Qe1 Qxa5 37. h3 Qxa4 38. Qd2 Qa3 39. Qd4 Qc5 40. Qf6 Kd7 {[%emt 0:00:14] Prevents Qe7+.} 41. h4 gxh4 {[%emt 0:00:05] [#] And now ...h3 would win.} 42. Qxh4 Qxc3 43. Qxf4 {[%emt 0:00:58] Black is clearly winning.} d5 44. Rc1 Qh8+ 45. Kg1 Qb8 46. Qa4 Qa7+ {[%emt 0:00:04] Weighted Error Value: White=0.29 (precise) /Black=0.11 (very precise) .  Mistake:       	White=5     	Black=3      Inaccurate:     	White=5     	Black=2      OK:         	White=15    	Black=27     Best:        	White=1     	---        Strong:       	White=2     	---} 0-1

[Event "VII Copa Marcel Duchamp 2024"]
[Site "Montevideo"]
[Date "2024.02.05"]
[Round "4.1"]
[White "Carbone, Diego"]
[Black "Meier, Georg"]
[Result "0-1"]
[ECO "A46"]
[WhiteElo "2275"]
[BlackElo "2620"]
[Annotator "RC"]
[PlyCount "98"]
[EventDate "2024.02.05"]
[EventType "swiss"]
[EventCountry "URU"]
[SourceTitle "playchess.com"]
[Source "ChessBase"]
[SourceQuality "1"]
[TimeControl "5400+30"]

1. d4 e6 2. Nf3 Nf6 3. g3 b5 4. Bg2 d5 5. O-O Be7 6. a4 b4 7. c4 bxc3 8. Nxc3 Nc6 9. Bf4 O-O 10. Rc1 Bb7 11. Ne5 Nb4 12. Qb3 Rb8 13. a5 Ba6 14. Qa4 Bd6 15. Bg5 c5 16. Nc6 Nxc6 17. dxc5 Be5 18. Qxc6 Qc8 19. Qa4 Rxb2 20. Qa3 Qb8 21. Bf4 Bxf4 22. gxf4 Rb3 23. Qa4 Bc4 24. Rb1 Rxb1 25. Rxb1 Qxf4 26. h3 g5 27. e3 Qc7 28. Qb4 Rc8 29. Na4 Nd7 30. Qb7 Nxc5 31. Nxc5 Qxc5 32. a6 h6 33. Bf3 Qc7 34. e4 Qxb7 35. axb7 Rb8 36. exd5 Bxd5 37. Bxd5 exd5 38. Kf1 Kf8 39. Ke2 Ke7 40. Kd3 Kd6 41. Kd4 Kc6 42. Rc1+ Kd6 43. Rc5 Rxb7 44. Rxd5+ Ke6 45. Ra5 Kf6 46. Ra6+ Kg7 47. Ke4 Rb3 48. f3 Rb4+ 49. Ke3 Rh4 0-1

[Event "VII Copa Marcel Duchamp 2024"]
[Site "Montevideo"]
[Date "2024.02.05"]
[Round "4.2"]
[White "Krysa, Leandro"]
[Black "Coppola, Claudio"]
[Result "1-0"]
[ECO "A40"]
[WhiteElo "2541"]
[BlackElo "2250"]
[Annotator "TA"]
[PlyCount "61"]
[EventDate "2024.02.05"]
[EventType "swiss"]
[EventCountry "URU"]
[SourceTitle "playchess.com"]
[Source "ChessBase"]
[SourceQuality "1"]
[TimeControl "5400+30"]

1. d4 b6 2. c4 Bb7 3. Nf3 e6 4. a3 d6 5. Nc3 Nd7 6. e4 g6 7. Bd3 Bg7 8. Bc2 {[%emt 0:01:25] White is slightly better.} Ne7 9. Be3 h6 10. Qd2 a6 (10... Ba6 $14) 11. h3 {[%emt 0:05:05] White is more active.} (11. d5 $16) 11... Nc6 (11... f5 $14) 12. b4 Qe7 13. O-O g5 (13... O-O-O $142) 14. Rad1 Bf6 15. Rfe1 h5 $2 {[%emt 0:09:32] A mistake that costs the game.} (15... O-O-O $16) 16. Nd5 $18 (16. Nxg5 Nxd4 17. Bxd4 Bxg5 $16) 16... Qd8 (16... exd5 17. exd5 O-O-O 18. dxc6 Bxc6) 17. Bxg5 Bxg5 18. Nxg5 (18. Qxg5 Qxg5 19. Nxc7+ Kd8 20. Nxe6+ (20. Nxg5 Kxc7 21. d5 Nd8 $17) 20... fxe6 $11) 18... Rg8 {[%emt 0:02:41] [#]} 19. h4 $1 e5 (19... Ne7 20. Qf4) 20. Qe2 Nxd4 {[%emt 0:00:36] [#]} 21. Rxd4 exd4 (21... Bxd5 22. exd5) 22. Qxh5 Ne5 23. f4 Ng6 24. Qh7 Rf8 25. Qg7 {[%emt 0:05:36] aiming for Nf6+.} c6 26. Nf6+ {[%emt 0:01:08] A dynamic duo of knights.} (26. e5 $142 dxe5 27. Rxe5+ Qe7 28. Nxe7 (28. Rxe7+ Nxe7 29. Nf6+ Kd8 30. Qxf8+ Kc7 31. Qxe7+ Kb8 32. Nxf7 Ka7) 28... Kd8 29. Nxg6 Kc7 30. Nxf8 Rd8 31. Nge6+ (31. Qxf7+ Kb8 32. Re7 Bc8 33. Nge6 Rd6 34. Re8 Rxe6 35. Nxe6 b5 36. Qc7+ Ka8 37. Rxc8#) 31... Kb8 32. Nxd8) 26... Ke7 27. e5 {[%emt 0:00:51] White mates.} d3 28. exd6+ Kxd6 29. Nxf7+ Rxf7 30. Qxf7 Nxf4 31. Ne8+ {[%emt 0:00:56] Weighted Error Value: White=0.16 (very precise) /Black=1.02.  Loses game:     	---       	Black=1      Mistake:       	White=1     	Black=4      Inaccurate:     	---       	Black=1      OK:         	White=5     	Black=3} (31. Ne4+ $142 Ke5 32. Qg7+ (32. Qxb7 Ne2+ 33. Kf1 Qf8+ 34. Nf2 dxc2 $18) 32... Ke6 33. Nc5+ Kf5 34. g4#) 1-0